 Dungeon Crawl Stone Soup version 0.24-a0-250-g6074511 (webtiles) character file.

Game seed: 16922924422112405550

338 Borgoz the Cutter (level 6, -2/38 HPs)
             Began as a Kobold Gladiator on Apr 14, 2019.
             Slain by Eustachio
             ... wielding a +3 rapier of venom
              (11 damage)
             ... on level 5 of the Dungeon.
             The game lasted 00:06:55 (3099 turns).

Borgoz the Cutter (Kobold Gladiator)                Turns: 3099, Time: 00:06:56

Health: -2/38      AC:  6    Str: 13 (14) XL:     6   Next: 85%
Magic:  6/6        EV: 21    Int:  7 (9)  God:
Gold:   108        SH:  0    Dex: 20 (21) Spells: 5/5 levels left

rFire    . . .     SeeInvis .   a - +0 rapier
rCold    . . .     Gourm    .   (shield restricted)
rNeg     . . .     Faith    .   h - +0 ring mail
rPois    .         Spirit   .   c - +0 helmet
rElec    .         Reflect  .   (no cloak)
rCorr    .         Harm     .   (no gloves)
MR       .....                  (no boots)
Stlth    ++++......             (no amulet)
HPRegen  0.12/turn              n - ring of stealth
MPRegen  0.10/turn              m - ring of stealth

@: agile, lethally poisoned (-2 -> -6), lightly drained
A: small, carnivore
a: no special abilities


You were on level 5 of the Dungeon.
You were completely stuffed.

You visited 1 branch of the dungeon, and saw 5 of its levels.

You collected 108 gold pieces.

Inventory:

Hand Weapons
 a - a +0 rapier (weapon)
 l - a +1 short sword of freezing
Missiles
 d - a throwing net (quivered)
Armour
 c - a +0 helmet (worn)
 h - a +0 ring mail (worn)
Jewellery
 m - a ring of stealth (right hand)
 n - a ring of stealth (left hand)
Scrolls
 b - a scroll of fear
 j - 2 scrolls of magic mapping
 o - a scroll of enchant armour {unknown}
Potions
 i - a potion of haste
 p - a potion of heal wounds
Comestibles
 f - 7 rations


   Skills:
 + Level 4.1(3.9) Fighting
 + Level 5.8(5.5) Short Blades
 - Level 2.1(1.9) Throwing
 + Level 2.4(2.1) Armour
 + Level 5.2(5.0) Dodging


You had 5 spell levels left.
You didn't know any spells.
Your spell library was empty.

Dungeon Overview and Level Annotations

Branches:
Dungeon (5/15)
 Temple: D:4-7

Altars:
Makhleb
Vehumet

Annotations:
D:5 Edmund, Eustachio


Innate Abilities, Weirdness & Mutations

You are small and have problems with some larger weapons.
You are carnivorous and can eat meat at any time.


Message History

The ufetubus disappears in a puff of smoke!
The white imp hits you. The white imp freezes you.
* * * LOW HITPOINT WARNING * * *
You hit Eustachio but do no damage.
Eustachio is moderately wounded.
The white imp disappears in a puff of smoke!
Eustachio completely misses you.
You puncture Eustachio!
Eustachio is heavily wounded.
Edmund completely misses you. Eustachio completely misses you.
You miss Eustachio.
Eustachio is moderately wounded.
You feel sick. Edmund barely misses you. Eustachio misses you.
The iron imp barely misses you.
You puncture Eustachio!
Eustachio is heavily wounded.
The iron imp disappears in a puff of smoke!
Edmund hits you but does no damage.
You feel drained.
Eustachio hits you with a +3 rapier of venom!
You die... ###### ##### ..... .... #r.. ... #rb

##.## #@# #...#
########@# ###...###
.......@ยง###.......#
#####......5..<....#
#.######....[..# #.
###...### # #...#
#####


You could see Edmund, Eustachio, 2 river rats and a bat.

Vanquished Creatures
  2 hounds
  Jessica (D:2)
  2 orc wizards (D:3)
  6 gnolls (D:3)
  2 adders (D:2)
  A worm (D:2)
  2 dart slugs (D:2)
  3 leopard geckos (D:1)
  15 orcs
  2 ball pythons (D:2)
  5 giant cockroaches
  6 goblins
  4 hobgoblins
  19 jackals
  A quokka (D:2)
  7 bats
  4 frilled lizards
  8 kobolds
  8 rats
98 creatures vanquished.

Notes
Turn   | Place    | Note
-------+----------+-------------------------------------------
     0 | D:1      | Borgoz the Kobold Gladiator began the quest for the Orb.
     0 | D:1      | Reached XP level 1. HP: 12/12 MP: 1/1
   113 | D:1      | Reached XP level 2. HP: 18/18 MP: 2/2
   315 | D:1      | Reached XP level 3. HP: 22/22 MP: 3/3
   391 | D:1      | Reached skill level 1 in Armour
   959 | D:2      | Reached XP level 4. HP: 26/27 MP: 4/4
  1133 | D:2      | Noticed Jessica
  1141 | D:2      | Killed Jessica
  1357 | D:2      | Reached XP level 5. HP: 23/32 MP: 5/5
  1537 | D:2      | Reached skill level 5 in Short Blades
  1786 | D:2      | Found a burning altar of Makhleb.
  1786 | D:2      | Noticed a blizzard demon
  1790 | D:2      | Noticed an orange demon
  1790 | D:2      | Noticed a neqoxec
  1875 | D:3      | Found a radiant altar of Vehumet.
  2128 | D:3      | Reached XP level 6. HP: 13/38 MP: 6/6
  2515 | D:3      | Reached skill level 5 in Dodging
  3046 | D:4      | Noticed Eustachio
  3062 | D:5      | Entered Level 5 of the Dungeon
  3084 | D:5      | Noticed Edmund
  3099 | D:5      | Slain by Eustachio

Levels and vault maps discovered:
D:1:      minmay_arrival_radiant_lines, layout_basic
D:2:      minmay_chambers_of_ones, layout_basic, first_ration,
          makhleb_altar_promises_db, uniq_jessica
D:3:      layout_basic, overflow_temple_1_default
D:4:      layout_cave_pools, lemuel_coloured_pillars_altar, elyvilon_altar_3,
          gammafunk_ghost_nasty_kobolds, uniq_eustachio
D:5:      layout_loops_ring, kennysheep_mini, nicolae_overflow_hidden_temple,
          kennysheep_mini_moat, uniq_edmund

Skill      XL: |  1  2  3  4  5  6 |
---------------+-------------------+-----
Dodging        | 4 5 |  5.2
Armour         | 1 2 |  2.4
Fighting       | 3 4 |  4.1
Short Blades   | 5 |  5.8
Throwing       | |  2.1

Action                   |  1- 3 |  4- 6 || total
-------------------------+-------+-------++-------
Melee: Rapier            |   120 |   283 ||   403
Throw: Throwing net      |       |     3 ||     3
  Use: Scroll            |       |     6 ||     6
       Potion            |       |     6 ||     6
  Eat: Chunk             |     8 |     8 ||    16
Armor: Leather armour    |    27 |       ||    27
       Ring mail         |     5 |    80 ||    85
Dodge: Dodged            |   107 |   246 ||   353

Table legend:
 A = Non-vault XP
 B = Vault XP
 C = Vault XP percentage of total XP
 D = Non-vault monster count
 E = Vault monster count
 F = Vault count percentage of total count
                 A         B        C        D         E       F
            +---------+---------+-------+---------+---------+-------
      Total |     414 |      69 |  14.3 |      92 |       6 |   6.1
            +---------+---------+-------+---------+---------+-------
        D:1 |      53 |       0 |   0.0 |      30 |       0 |   0.0
        D:2 |      43 |      69 |  61.6 |      22 |       6 |  21.4
        D:3 |     270 |       0 |   0.0 |      38 |       0 |   0.0
        D:4 |      48 |       0 |   0.0 |       2 |       0 |   0.0
            +---------+---------+-------+---------+---------+-------
